 Dungeon Crawl Stone Soup version 0.30-a0-782-ge64f9170bb (webtiles) character file.

Game seed: 8788568862428925776

1187 Jossarian the Destroyer (level 8, -8/61 HPs)
             Began as a Gnoll Conjurer on Feb 24, 2023.
             Was a Priest of Vehumet.
             Killed by an exploding orc wizard (54 damage)
             ... ignited by their inner flame
             ... on level 5 of the Dungeon.
             The game lasted 01:26:45 (5682 turns).

Jossarian the Destroyer (Gnoll Conjurer)            Turns: 5682, Time: 01:26:46

Health: -8/61      AC:  5    Str:  6    XL:     8   Next: 43%
Magic:  17/18      EV: 14    Int: 21    God:    Vehumet [***...]
Gold:   240        SH:  0    Dex: 10    Spells: 9/20 levels left

rFire   x . .      SeeInvis .    d - +2 quarterstaff (chaos)
rCold   + . .      Faith    .    (shield currently unavailable)
rNeg    + . .      Spirit   .    a - +0 robe
rPois   +          Reflect  .    (no helmet)
rElec   .          Harm     .    e - +2 cloak {rPois}
rCorr   .          Rampage  .    (no gloves)
Will    .....                    (no boots)
Stlth   +++                      (no amulet)
HPRegen 0.30/turn                c - ring of ice
MPRegen 0.16/turn                r - ring of positive energy

@: no status effects
A: fangs 1, strong nose, distributed training
a: Renounce Religion


You were on level 5 of the Dungeon.
You worshipped Vehumet.
Vehumet was most pleased with you.
You visited 2 branches of the dungeon, and saw 7 of its levels.
You also visited: Ossuary.

You collected 240 gold pieces.

Inventory:

Hand Weapons
 d - a +2 quarterstaff of chaos (weapon)
 g - a +2 hammer of protection
 v - a +1 whip of venom
 G - a +3 trident of freezing
Missiles
 h - 30 stones (quivered)
 E - 4 large rocks
 H - 3 boomerangs of dispersal
Armour
 a - a +0 robe (worn)
 e - a +2 cloak of poison resistance (worn)
 q - a +2 buckler
 s - a +1 cloak
Magical Staves
 y - a staff of earth
Jewellery
 c - a ring of ice (left hand)
 r - a ring of positive energy (right hand)
Wands
 w - a wand of polymorph (6)
Scrolls
 f - 2 scrolls of blinking
 i - a scroll of vulnerability
 j - a scroll of immolation
 k - 2 scrolls of magic mapping
 m - a scroll of torment {unknown}
 o - a scroll of poison
 p - 2 scrolls of teleportation
 u - 2 scrolls of fog
 A - a scroll of brand weapon {unknown}
 B - a scroll of enchant weapon {unknown}
 C - a scroll of fear
 D - a scroll of enchant armour {unknown}
Potions
 b - 2 potions of magic
 l - 2 potions of might
 t - a potion of curing
 x - a potion of lignification
 z - a potion of invisibility
 F - a potion of ambrosia {unknown}


   Skills:
 + Level 4.6 Fighting
 + Level 4.6 Short Blades
 + Level 4.6 Long Blades
 + Level 4.6 Axes
 + Level 4.6 Maces & Flails
 + Level 4.6 Polearms
 + Level 4.6 Staves
 + Level 4.6 Ranged Weapons
 + Level 4.6 Throwing
 + Level 4.6 Armour
 + Level 6.6 Dodging
 + Level 6.3 Stealth
 + Level 4.6 Shields
 + Level 4.6 Unarmed Combat
 + Level 6.9 Spellcasting
 + Level 8.1 Conjurations
 + Level 3.8 Hexes
 + Level 3.8 Summonings
 + Level 3.8 Necromancy
 + Level 3.8 Translocations
 + Level 3.8 Transmutations
 + Level 3.8 Fire Magic
 + Level 3.8 Ice Magic
 + Level 3.8 Air Magic
 + Level 3.8 Earth Magic
 + Level 3.8 Poison Magic
 + Level 5.1 Invocations
 + Level 4.6 Evocations


You had 9 spell levels left.
You knew the following spells:

 Your Spells              Type           Power      Damage    Failure   Level
a - Magic Dart            Conj           100%       1d8       1%          1
b - Searing Ray           Conj           82%        2d7       1%          2
c - Dazzling Flash        Conj/Hex       64%        N/A       1%          3
d - Poisonous Vapours     Pois/Air       46%        N/A       1%          2
e - Mephitic Cloud        Conj/Pois/Air  29%        N/A       1%          3

Your spell library contained the following spells:

 Spells                   Type           Power      Damage    Failure   Level
 Apportation              Tloc           46%        N/A       1%          1
 Frozen Ramparts          Ice            70%        1d11      1%          3
 Ensorcelled Hibernation  Hex/Ice        70%        N/A       2%          2
 Passwall                 Tmut/Erth      19%        N/A       2%          2
 Fulminant Prism          Conj/Hex       16%        3d10      2%          4
 Iskenderun's Mystic Bla  Conj/Tloc      32%        2d8       2%          4
 Swiftness                Air            23%        N/A       5%          3
 Ice Form                 Ice/Tmut       35%        N/A       19%         4
 Summon Ice Beast         Ice/Summ       35%        N/A       19%         4
 Alistair's Intoxication  Tmut/Pois      15%        N/A       45%         5


Dungeon Overview and Level Annotations

Branches:
Dungeon (6/15)             Temple (1/1) D:4         Ossuary (visited)

Altars:
Ashenzari
Cheibriados
Elyvilon
Fedhas
Gozag
Hepliaklqana
Kikubaaqudgha
Makhleb
Nemelex Xobeh
Okawaru
Qazlal
Ru
Trog
Uskayaw
Vehumet
Xom
Yredelemnul
The Shining One

Shops:
D:1 *   D:5 *


Innate Abilities, Weirdness & Mutations

You have very sharp teeth.
Your uncanny sense of smell can sniff out nearby items.
Your experience applies equally to all skills.


Message History

The puff of flame hits you! The fire burns you terribly!
Items here: ) [ ÷ †.
Casting: Searing Ray (safe; 1% risk of failure)
Confirm with . or Enter, or press ? or * to list all spells.
You can't see any susceptible monsters within range! (Use Z to cast anyway.)
Casting: Searing Ray (safe; 1% risk of failure)
Confirm with . or Enter, or press ? or * to list all spells.
You don't know that spell.
Casting: Searing Ray (safe; 1% risk of failure)
Confirm with . or Enter, or press ? or * to list all spells.
You can't see any susceptible monsters within range! (Use Z to cast anyway.)
Casting: Searing Ray (safe; 1% risk of failure)
Confirm with . or Enter, or press ? or * to list all spells.
You don't know that spell.
Something hits you.
You closely miss something. Something hits you.
You closely miss something. Your bite misses something.
Something hits you but does no damage.
You miss something. Something hits you but does no damage.
You closely miss something. Something hits you.
You hit something. Something hits you but does no damage.
You barely miss something.
You hear some strange, mumbled words.
A magic dart appears from out of thin air!
The magic dart hits you!
You hear some strange, mumbled words.
A magic dart appears from out of thin air!
The magic dart hits you.
You feel much better. Something hits you.
As you read the scroll of immolation, it crumbles to dust.
The creatures around you are filled with an inner flame!
Flame seeps out of something.
Vehumet accepts your kill.
You feel your power returning.
Reactivating autopickup.
You feel a bit more experienced.
The orc wizard explodes!
The fiery explosion engulfs you!!! The fire burns you terribly!
Ouch! That really hurt!
You die...

## ##. #..
##########################..
#.......))>[.†.......))))..#
##########§#§############...
#§○..........##....
##@##.............#
#[##..........##..
#.##..........##..
#.##..........###.
#.............# ##
######'####.### # #.## #.##
## #..# #.<####. ##.#
##......


There were no monsters in sight!

Vanquished Creatures
  Eustachio (D:4)
  An ice beast (D:5)
  2 black bears
  A bullfrog (D:5)
  3 scorpions (D:5)
  A howler monkey (D:4)
  3 hounds (D:5)
  A jelly (D:5)
  Crazy Yiuf (D:2)
  A gnoll bouda (D:5)
  3 orc wizards
  2 mummies
  7 gnolls
  An adder (D:4)
  An ufetubus (D:5)
  4 worms
  2 dart slugs (D:4)
  13 orcs
  2 spectral bats (Ossuary)
  3 endoplasms
  A giant cockroach (D:3)
  8 gnoll zombies (Ossuary)
  3 hobgoblins
  8 kobolds
  4 quokkas
  5 ball pythons
  4 bats
  6 bat simulacra (Ossuary)
  3 frilled lizards
  3 goblins
  3 goblin simulacra (Ossuary)
  7 goblin zombies (Ossuary)
  2 hobgoblin zombies (Ossuary)
  3 kobold simulacra (Ossuary)
  4 kobold zombies (Ossuary)
  5 orc zombies (Ossuary)
  3 rats
  4 rat simulacra (Ossuary)
  3 spectral goblins (Ossuary)
  4 spectral kobolds (Ossuary)
  3 spectral rats (Ossuary)
139 creatures vanquished.

Notes
Turn   | Place    | Note
-------+----------+-------------------------------------------
     0 | D:1      | Jossarian the Gnoll Conjurer began the quest for the Orb.
     0 | D:1      | Reached XP level 1. HP: 13/13 MP: 6/6
   226 | D:1      | Reached XP level 2. HP: 19/19 MP: 5/7
   575 | D:1      | Reached skill level 5 in Spellcasting
   575 | D:1      | Reached XP level 3. HP: 25/25 MP: 3/9
   579 | D:1      | Learned a level 2 spell: Searing Ray
   772 | D:1      | Found Xuskiph's General Store.
   947 | D:2      | Found a stormy altar of Qazlal.
   985 | D:2      | Reached skill level 1 in Invocations
  1236 | D:1      | Reached skill level 5 in Stealth
  1236 | D:1      | Reached XP level 4. HP: 37/37 MP: 10/12
  1259 | D:2      | Found a runed translucent door.
  1260 | D:2      | Noticed Crazy Yiuf
  1267 | D:2      | Killed Crazy Yiuf
  1541 | D:3      | Found a faded altar of an unknown god.
  1669 | D:3      | Reached XP level 5. HP: 42/42 MP: 11/13
  1945 | D:3      | Noticed a black bear
  1953 | D:3      | Killed a black bear
  2137 | D:4      | Found a staircase to the Ecumenical Temple.
  2153 | Temple   | Entered the Ecumenical Temple
  2291 | Temple   | Became a worshipper of Vehumet
  2391 | D:4      | Reached XP level 6. HP: 48/48 MP: 8/15
  2658 | D:4      | Learned a level 3 spell: Dazzling Flash
  2697 | D:4      | Found a sand-covered staircase.
  2728 | Ossuary  | Entered an ossuary
  2894 | Ossuary  | Reached * piety under Vehumet
  2894 | Ossuary  | Offered knowledge of Shock by Vehumet.
  3369 | Ossuary  | Offered knowledge of Poisonous Vapours by Vehumet.
  3381 | Ossuary  | Reached ** piety under Vehumet
  3400 | Ossuary  | Learned a level 2 spell: Poisonous Vapours
  3719 | D:4      | Found an ancient bone altar of Kikubaaqudgha.
  3721 | D:4      | Found a white marble altar of Elyvilon.
  3722 | D:4      | Found a bloodstained altar of Trog.
  3722 | D:4      | Found a stormy altar of Qazlal.
  3748 | D:4      | Noticed Eustachio
  3759 | D:4      | Killed Eustachio
  3759 | D:4      | Offered knowledge of Mephitic Cloud by Vehumet.
  3760 | D:4      | Reached skill level 8 in Conjurations
  3760 | D:4      | Reached XP level 7. HP: 44/54 MP: 3/16
  3767 | D:4      | Learned a level 3 spell: Mephitic Cloud
  3910 | D:5      | Entered Level 5 of the Dungeon
  3978 | D:5      | Found a shimmering altar of Xom.
  4132 | D:5      | Found Lamo's Luxury Loot.
  4352 | D:5      | Reached *** piety under Vehumet
  4868 | D:5      | Reached XP level 8. HP: 53/61 MP: 9/18
  5494 | D:5      | Reached skill level 5 in Invocations
  5682 | D:5      | Killed by an exploding orc wizard... ignited by their inner
                  | flame

Illustrated notes

Levels and vault maps discovered:
D:1:      lemuel_arrival_behind_the_door_small, layout_loops_corners,
          serial_shops, shop
D:2:      layout_rooms, basic_altar, uniq_crazy_yiuf_cottage
D:3:      layout_loops_ring, ebering_ecumenical_altar_sacrificial
D:4:      layout_gridville, grunt_temple_overflow_open,
          minmay_temple_entry_arrows, gup_ossuary_entry_pyramid, serial_shops,
          shop, uniq_eustachio
D:5:      layout_basic, lemuel_round_altar, minmay_misc_feat_plants,
          nicolae_alphabet_shops
D:6:      layout_cave_pools, uniq_edmund
Temple:   compressed_dpeg_triangle_lava_temple

Skill      XL: |  1  2  3  4  5  6  7  8 |
---------------+-------------------------+-----
Spellcasting   | 5 6 |  6.9
Invocations    | 4 5 |  5.1
Fighting       | 3 4 |  4.6
Short Blades   | 3 4 |  4.6
Long Blades    | 3 4 |  4.6
Axes           | 3 4 |  4.6
Maces & Flails | 3 4 |  4.6
Polearms       | 3 4 |  4.6
Staves         | 3 4 |  4.6
Ranged Weapons | 3 4 |  4.6
Throwing       | 3 4 |  4.6
Armour         | 3 4 |  4.6
Dodging        | 6 |  6.6
Stealth        | 5 6 |  6.3
Shields        | 3 4 |  4.6
Unarmed Combat | 3 4 |  4.6
Hexes          | 3 |  3.8
Summonings     | 3 |  3.8
Necromancy     | 3 |  3.8
Translocations | 3 |  3.8
Transmutations | 3 |  3.8
Fire Magic     | 3 |  3.8
Ice Magic      | 3 |  3.8
Air Magic      | 3 |  3.8
Earth Magic    | 3 |  3.8
Poison Magic   | 3 |  3.8
Evocations     | 3 4 |  4.6
Conjurations   | 8 |  8.1

Action                     |  1- 3 |  4- 6 |  7- 9 || total
---------------------------+-------+-------+-------++-------
  Melee: Quarterstaff      |       |     7 |     6 ||    13
  Throw: Stone             |       |       |     2 ||     2
   Cast: Magic Dart        |    46 |   157 |    19 ||   222
         Searing Ray       |       |    14 |    26 ||    40
         Poisonous Vapours |       |     1 |    15 ||    16
         Mephitic Cloud    |       |       |     8 ||     8
    Use: Scroll            |    11 |     4 |     1 ||    16
         Potion            |     1 |       |     2 ||     3
 Armour: Robe              |     1 |    17 |    29 ||    47
  Dodge: Dodged            |     1 |    31 |    61 ||    93

Table legend: (Time is in decaauts)
 A = Elapsed time spent in this place.
 B = Non-inter-level travel time spent in this place.
 C = Inter-level travel time spent in this place.
 D = Time resting spent in this place.
 E = Time spent auto-exploring this place.
 F = Levels seen in this place.
 G = Mean time per level.
                   A        B        C        D        E       F      G
               +--------+--------+--------+--------+--------+-----+--------+
         Total |   5689 |   3079 |   2610 |   1895 |      0 |   8 |  711.1 |
       Dungeon |   4569 |   2099 |   2470 |   1375 |      0 |   6 |  761.5 |
        Temple |    144 |      4 |    140 |      0 |      0 |   1 |  144.0 |
       Ossuary |    975 |    975 |      0 |    520 |      0 |   1 |  975.0 |
               +--------+--------+--------+--------+--------+-----+--------+

Top non-repeatable levels by time:
     D:5: 1716 daAuts
 Ossuary: 975 daAuts
     D:1: 877 daAuts
     D:3: 724 daAuts
     D:4: 664 daAuts
     D:2: 522 daAuts
  Temple: 144 daAuts
     D:6: 65 daAuts
